 Dungeon Sprint DCSS version 0.22.1-2-g9c5b331 (webtiles) character file.

136 diana the Firebug (level 4, -1/24 HPs)
             Began as a Deep Elf Fire Elementalist on Dec 24, 2018.
             Slain by a sixfirhy (10 damage)
             ... summoned by a kobold demonologist
             ... while paralysed by a wizard
             ... in the Dungeon (Sprint III: "The Ten Rune Challenge").
             The game lasted 00:04:24 (572 turns).

diana the Firebug (Deep Elf Fire Elementalist)       Turns: 572, Time: 00:04:24

Health: -1/24      AC:  7    Str:  7    XL:     4   Next: 98%
Magic:  11/14      EV:  2    Int: 21    God:
Gold:   31         SH:  0    Dex: 13    Spells: 9/15 levels left

rFire    . . .     SeeInvis .   b - +0 whip (curse)
rCold    . . .     Gourm    .   (no shield)
rNeg     . . .     Faith    .   a - +0 robe
rPois    .         Spirit   .   (no helmet)
rElec    .         Reflect  .   k - +2 cloak {+Inv}
rCorr    .         Harm     .   (no gloves)
MR       .....     NoTele   +   (no boots)
Stlth    ++........             (no amulet)
HPRegen  0.08/turn              (no ring)
MPRegen  0.14/turn              (no ring)

@: paralysed
A: thin metallic scales 1, clumsy 1, strong 1
a: Evoke Invisibility


You were in the Dungeon.
You were not hungry.

You visited 1 branch You collected 31 gold pieces.

Inventory:

Hand Weapons
 b - a cursed +0 whip (weapon)
Armour
 a - a +0 robe (worn)
 k - a +2 cloak of invisibility (worn)
Scrolls
 i - a scroll of blinking
 j - 2 scrolls of remove curse {unknown}
 m - 3 scrolls of holy word {unknown}
 n - a scroll of fog {unknown}
 p - a scroll of fear {unknown}
 q - a scroll of enchant weapon {unknown}
Potions
 d - a potion of curing
 f - a potion of haste
 g - 2 potions of magic
 h - a potion of berserk rage
 o - 2 potions of flight
 r - a potion of invisibility {unknown}
Comestibles
 c - 3 rations


   Skills:
 - Level 2.8 Dodging
 - Level 2.7 Stealth
 + Level 6.4 Spellcasting
 * Level 6.5 Conjurations
 * Level 7.7 Fire Magic


You had 9 spell levels left.
You knew the following spells:

 Your Spells              Type           Power        Failure   Level  Hunger
a - Flame Tongue          Conj/Fire      #####        1%          1    None
b - Throw Flame           Conj/Fire      #####.       1%          2    None
c - Inner Flame           Hex/Fire       ###.....     5%          3    #......

Your spell library contained the following spells:

 Spells                   Type           Power        Failure   Level  Hunger
 Conjure Flame            Conj/Fire      #####...     1%          3    #......
 Sticky Flame             Conj/Fire      #####...     4%          4    ###....
 Fireball                 Conj/Fire      #####.....   14%         5    #####..


Dungeon Overview and Level Annotations

Branches:
Dungeon (1/1)

Altars:
Kikubaaqudgha
Sif Muna
Vehumet


Innate Abilities, Weirdness & Mutations

You are partially covered in thin metallic scales. (AC +2)
You are clumsy. (Dex -2)
Your muscles are strong. (Str +2)


Message History

Confirm with . or Enter, or press ? or * to list all spells.
Aiming: Inner Flame (safe; 5% risk of failure)
Press: ? - help, Shift-Dir - straight line, f - wizard
Aim: a wizard, wielding a dagger and wearing a robe (resting, chance to defeat The wizard shouts!
The wizard is filled with an inner flame.
You hear a shout!
The wizard gestures at you while chanting.
The fireball explodes!
The fireball engulfs you!
Ouch! That really hurt!
You feel much better.
A kobold demonologist comes into view. It is wielding a dagger.
The wizard gestures at you while chanting.
You suddenly lose the ability to move!
The kobold demonologist gestures wildly while chanting. x2
The wizard gestures at you while chanting.
You resist with some effort. The sixfirhy hits you. The sixfirhy shocks you!
The sixfirhy hits you. The sixfirhy shocks you!
You die...

#..'...♣♣♣♣ ♣.#
#..#....♣.♣ ♣.#
####.....♣♣ ♣♣.#
...#....≈.♣♣♣..###+#+###
...#...≈≈♣.♣♣♣.#........
...#..≈≈≈≈♣♣♣..'.⌠......
##)#..≈≈≈≈≈≈♣♣.#...####
...#)≈≈≈≈≈≈....#.⌠.#
...#.≈≈≈≈≈.....#@..#
...#.≈≈≈.......#3###
####...........#5p
...............#5__
▓▓▓▓▓▓▓▓▓▓▓▓▓▓▓▓▓▓▓▓


You could see a wizard (inner flame), a sixfirhy, a quasit and an ufetubus.

Vanquished Creatures
  A water elemental (D)
  Crazy Yiuf (D)
  Jessica (D)
  A human (D)
  An ooze (D)
  2 rats (D)
7 creatures vanquished.

Vanquished Creatures (others)
  2 draconian scorchers (D)
  6 hellions (D)
  A yaktaur (D)
9 creatures vanquished.

Grand Total: 16 creatures vanquished

Notes
Turn   | Place    | Note
-------+----------+-------------------------------------------
     0 | D        | diana the Deep Elf Fire Elementalist began the quest for
                  | the Orb.
     0 | D        | Reached XP level 1. HP: 10/10 MP: 6/6
     5 | D        | Reached skill level 4 in Fire Magic
    47 | D        | Noticed Jessica
    51 | D        | Killed Jessica
    51 | D        | Reached skill level 5 in Fire Magic
    51 | D        | Reached XP level 2. HP: 14/15 MP: 3/9
    51 | D        | Reached XP level 3. HP: 18/19 MP: 3/11
   123 | D        | Killed a white draconian scorcher
   135 | D        | Noticed Crazy Yiuf
   138 | D        | Killed a hellion
   142 | D        | Killed Crazy Yiuf
   142 | D        | Reached skill level 5 in Spellcasting
   142 | D        | Reached skill level 6 in Fire Magic
   157 | D        | Killed a hellion
   163 | D        | Killed a hellion
   163 | D        | Killed a hellion
   171 | D        | Gained mutation: You are frail. (-10% HP) [potion of
                  | mutation]
   171 | D        | Gained mutation: You are clumsy. (Dex -2) [potion of
                  | mutation]
   171 | D        | Gained mutation: You are partially covered in thin metallic
                  | scales. (AC +2) [potion of mutation]
   171 | D        | Gained mutation: You are somewhat resistant to further
                  | mutation. [potion of mutation]
   172 | D        | Lost mutation: You are somewhat resistant to further
                  | mutation. [potion of mutation]
   172 | D        | Lost mutation: You are frail. (-10% HP) [potion of
                  | mutation]
   172 | D        | Gained mutation: You occasionally shout uncontrollably at
                  | your foes. [potion of mutation]
   172 | D        | Gained mutation: Your muscles are strong. (Str +2) [potion
                  | of mutation]
   173 | D        | Lost mutation: You are clumsy. (Dex -2) [potion of
                  | mutation]
   173 | D        | Lost mutation: Your muscles are strong. (Str +2) [potion of
                  | mutation]
   173 | D        | Lost mutation: You occasionally shout uncontrollably at
                  | your foes. [potion of mutation]
   173 | D        | Gained mutation: Your body sometimes deteriorates upon
                  | taking damage. [potion of mutation]
   173 | D        | Gained mutation: You have a somewhat thin skeletal
                  | structure. (Dex +2, Stealth) [potion of mutation]
   173 | D        | Gained mutation: You are somewhat resistant to further
                  | mutation. [potion of mutation]
   174 | D        | Lost mutation: You are somewhat resistant to further
                  | mutation. [potion of mutation]
   174 | D        | Lost mutation: Your body sometimes deteriorates upon taking
                  | damage. [potion of mutation]
   174 | D        | Gained mutation: You are clumsy. (Dex -2) [potion of
                  | mutation]
   174 | D        | Gained mutation: You are robust. (+10% HP) [potion of
                  | mutation]
   175 | D        | Lost mutation: You are clumsy. (Dex -2) [potion of
                  | mutation]
   175 | D        | Lost mutation: You are robust. (+10% HP) [potion of
                  | mutation]
   175 | D        | Lost mutation: You have a somewhat thin skeletal structure.
                  | (Dex +2, Stealth) [potion of mutation]
   175 | D        | Gained mutation: Your body sometimes deteriorates upon
                  | taking damage. [potion of mutation]
   175 | D        | Gained mutation: You are robust. (+10% HP) [potion of
                  | mutation]
   176 | D        | Lost mutation: You are partially covered in thin metallic
                  | scales. (AC +2) [potion of mutation]
   176 | D        | Lost mutation: Your body sometimes deteriorates upon taking
                  | damage. [potion of mutation]
   176 | D        | Lost mutation: You are robust. (+10% HP) [potion of
                  | mutation]
   176 | D        | Gained mutation: You are partially covered in thin metallic
                  | scales. (AC +2) [potion of mutation]
   176 | D        | Gained mutation: You are clumsy. (Dex -2) [potion of
                  | mutation]
   176 | D        | Gained mutation: Your muscles are strong. (Str +2) [potion
                  | of mutation]
   181 | D        | Killed a hellion
   182 | D        | Killed a hellion
   215 | D        | Learned a level 2 spell: Throw Flame
   241 | D        | Reached skill level 5 in Conjurations
   241 | D        | Reached XP level 4. HP: 6/24 MP: 0/13
   258 | D        | Killed a yaktaur
   291 | D        | Killed a white draconian scorcher
   485 | D        | Noticed a water elemental
   495 | D        | Killed a water elemental
   495 | D        | Reached skill level 7 in Fire Magic
   559 | D        | Learned a level 3 spell: Inner Flame
   566 | D        | Found a radiant altar of Vehumet.
   566 | D        | Found a deep blue altar of Sif Muna.
   566 | D        | Found an ancient bone altar of Kikubaaqudgha.
   566 | D        | Noticed a wizard
   568 | D        | Paralysed by a wizard for 7 turns
   571 | D        | Noticed a sixfirhy
   572 | D        | Slain by a sixfirhy

Skill      XL: |  1  2  3  4 |
---------------+-------------+-----
Fire Magic     | 5 6 7 |  7.7
Spellcasting   | 4 5 6 |  6.4
Conjurations   | 3 5 6 |  6.5
Dodging        | |  2.8
Stealth        | |  2.7

Action                   |  1- 3 |  4- 6 || total
-------------------------+-------+-------++-------
Melee: Whip              |     2 |       ||     2
 Cast: Flame Tongue      |    18 |     5 ||    23
       Throw Flame       |     3 |     1 ||     4
       Inner Flame       |       |     1 ||     1
  Use: Potion            |     6 |     1 ||     7
Armor: Robe              |     2 |       ||     2
Dodge: Dodged            |     3 |     2 ||     5
